 Dungeon Crawl Stone Soup version 0.30.1-4-g462c640d31 (webtiles) character file.

Game seed: 14496822445350185270

42 spardeous the Conjurer (level 3, 0/26 HPs)
             Began as a Demigod Conjurer on Aug 26, 2023.
             Fell down a flight of stairs (1 damage)
             ... on level 2 of the Dungeon.
             The game lasted 00:00:55 (1513 turns).

spardeous the Conjurer (Demigod Conjurer)           Turns: 1513, Time: 00:00:56

Health: 0/26       AC:  3    Str:  8    XL:     3   Next: 17%
Magic:  4/8        EV: 12    Int: 24    God:
Gold:   41         SH:  0    Dex: 12    Spells: 2/5 levels left

rFire   . . .        (no weapon)
rCold   . . .        (no shield)
rNeg    . . .        a - +0 robe
rPois   .            (no helmet)
rElec   .            h - +0 cloak
rCorr   .            (no gloves)
SInv    .            (no boots)
Will    .....        (no amulet)
Stlth   +            (no ring)
HPRegen 0.24/turn    (no ring)
MPRegen 0.11/turn

%: no passive effects
@: confused
A: high MP 1, forlorn, divine attributes
a: no special abilities


You were on level 2 of the Dungeon.
You visited 1 branch of the dungeon, and saw 2 of its levels.

You collected 41 gold pieces.

Inventory:

Missiles
 f - a throwing net
Armour
 a - a +0 robe (worn)
 h - a +0 cloak (worn)
Jewellery
 i - a ring of poison resistance
Scrolls
 c - 2 scrolls of teleportation {unknown}
 e - a scroll of identify {unknown}
Potions
 b - a potion of magic
 d - a potion of curing {unknown}
 g - a potion of mutation {unknown}


   Skills:
 - Level 1.7 Dodging
 - Level 1.7 Stealth
 - Level 1.7 Spellcasting
 + Level 4.7 Conjurations


You had 2 spell levels left.
You knew the following spells:

 Your Spells              Type           Power      Damage    Failure   Level
a - Magic Dart            Conj           96%        1d7       1%          1
b - Searing Ray           Conj           48%        2d6       2%          2

Your spell library contained the following spells:

 Spells                   Type           Power      Damage    Failure   Level
 Momentum Strike          Conj/Tloc      26%        3d8       7%          2
 Freeze                   Ice            8%         1d3       12%         1
 Blink                    Tloc           4%         N/A       19%         2
 Lesser Beckoning         Tloc           4%         N/A       19%         2
 Dazzling Flash           Conj/Hex       26%        N/A       14%         3
 Hailstorm                Conj/Ice       13%        3d5       14%         3
 Frozen Ramparts          Ice            4%         1d1       36%         3
 Fulminant Prism          Conj/Hex       6%         3d6       43%         4
 Iskenderun's Mystic Bla  Conj/Tloc      13%        2d5       43%         4


Dungeon Overview and Level Annotations

Branches:
Dungeon (2/15)

Annotations:
D:2 Sigmund


Innate Abilities, Weirdness & Mutations

You have an increased reservoir of magic. (+10% MP)
You shall have no god before yourself.
Your divine heritage dramatically boosts your attributes as you level up.


Message History

Level annotation: Sigmund Sigmund laughs darkly.
Sigmund points at you and mumbles some strange words.
The magic dart hits you!
There is a stone staircase leading up here.
You take 7 damage, and have 19/26 hp.
MASSIVE DAMAGE!!
Casting: Searing Ray (safe; 2% risk of failure)
Confirm with . or Enter, or press ? or * to list all spells.
Aiming: Searing Ray (safe; 2% risk of failure)
Press: ? - help, Shift-Dir - straight line, f - Sigmund
Aim: Sigmund, wielding a +0 scythe and wearing a +0 robe (77% to hit)
The searing ray hits Sigmund.
Sigmund is lightly wounded. (Press . to maintain the ray.)
You now have 6/8 mp.
The searing ray hits Sigmund.
Sigmund is moderately wounded.
You now have 5/8 mp.
The searing ray hits Sigmund.
Sigmund is heavily wounded.
Sigmund says, "Don't worry, I'll kill you fast."
Sigmund points at you and mumbles some strange words.
You are confused.
You now have 4/8 mp.
Sigmund hits you from afar with a +0 scythe!
* * * LOW HITPOINT WARNING * * *
You take 9 damage, and have 11/26 hp.
MASSIVE DAMAGE!!
Unknown command.
You're too confused to cast spells.
Sigmund closely misses you.
In your confused state, you trip and fall back down the stairs.
* * * LOW HITPOINT WARNING * * *
Sigmund casts a spell.
Sigmund flickers and vanishes!
Deactivating autopickup; reactivate with Ctrl-A.
Unknown command.
Something hits you!
* * * LOW HITPOINT WARNING * * *
In your confused state, you trip and fall back down the stairs.
You die...

##.#...# #.# #.# #.# #†##.#
.....### #.#####.###.###.##.#
.{.....######.#.........>...##.#
#.##.#........#.###.###.######.#
#. #.#........#.# #.#.......##.#
#. #.#........#.# #.#.########.#
#. #.#........#.# #.#.### #.# #.
#.#.......##.###.....# #.#
.......#####.†{.@####.#.# #.#
#.##.### #.########.#.# #.# #.
##..........#.######.# #
#(...................#
#.##########.######### #.# #.#
######'## #.# #.......# #.#
#.......# #.#


There were no monsters in sight!

Vanquished Creatures
  3 adders
  A dart slug (D:1)
  3 giant cockroaches
  2 goblins (D:1)
  A hobgoblin (D:1)
  A quokka (D:1)
  2 bats
  2 rats (D:1)
15 creatures vanquished.

Notes
Turn   | Place    | Note
-------+----------+-------------------------------------------
     0 | D:1      | spardeous the Demigod Conjurer began the quest for the Orb.
     0 | D:1      | Reached XP level 1. HP: 14/14 MP: 5/5
   519 | D:1      | Reached skill level 4 in Conjurations
   681 | D:1      | Reached XP level 2. HP: 20/20 MP: 5/7
  1134 | D:2      | Noticed Sigmund
  1171 | D:1      | Learned a level 2 spell: Searing Ray
  1435 | D:2      | Reached XP level 3. HP: 26/26 MP: 3/8
  1512 | D:2      | HP: 1/26 [something (10)]
  1513 | D:2      | Fell down a flight of stairs

Illustrated notes

Levels and vault maps discovered:
D:1:      dpeg_arrival_long_road, layout_loops_corners,
          shapermc_ecumenical_altar_starsandcircs
D:2:      layout_basic, uniq_sigmund

Skill      XL: |  1 |
---------------+----+-----
Conjurations   | 4 |  4.7
Dodging        | |  1.7
Stealth        | |  1.7
Spellcasting   | |  1.7

Action                     || total
---------------------------++-------
   Cast: Magic Dart        ||    42
         Searing Ray       ||     2
 Armour: Robe              ||     8
  Dodge: Dodged            ||    12
